 Dungeon Crawl Stone Soup version 0.19-a0-996-g3cba913 (webtiles) character file.

95 Musica the Poker (level 4, -3/52 HPs)
             Began as a Merfolk Gladiator on July 17, 2016.
             Slain by a giant frog (7 damage)
             ... on level 3 of the Dungeon.
             The game lasted 00:04:36 (1426 turns).

Musica the Poker (Merfolk Gladiator)                Turns: 1426, Time: 00:04:36

Health: -3/52      AC:  5    Str: 20    XL:     4   Next: 66%
Magic:  4/4        EV: 14    Int:  7    God:
Gold:   79         SH:  0    Dex: 15    Spells: 0 memorised, 3 levels left

rFire  . . .     SeeInvis .     a - +0 trident
rCold  . . .     Gourm    .     b - +0 leather armour
rNeg   . . .     Faith    .     (no shield)
rPois  .         Spirit   .     c - +0 helmet
rElec  .         Dismiss  .     (no cloak)
rCorr  .         Reflect  .     (no gloves)
SustAt .         Harm     .     k - +0 pair of boots
MR     .....                    (no amulet)
Stlth  ..........               (no ring)
                                (no ring)

@: berserking, very slightly contaminated, hasted, very quick, not resistant to
hostile enchantments, extremely unstealthy
A: change form in water, swift swim
a: no special abilities


You were on level 3 of the Dungeon.
You were not hungry.

You visited 1 branch of the dungeon, and saw 3 of its levels.

You collected 79 gold pieces.

Inventory:

Hand Weapons
 a - a +0 trident (weapon)
 o - a +0 hunting sling
Missiles
 d - 3 throwing nets (quivered)
 e - 25 arrows
 i - 13 sling bullets
 q - 37 bolts
Armour
 b - a +0 leather armour (worn)
 c - a +0 helmet (worn)
 k - a +0 pair of boots (worn)
Jewellery
 l - an uncursed ring of protection from fire
 t - an uncursed amulet of rage
Scrolls
 g - 3 scrolls of identify {unknown}
 n - a scroll of recharging {unknown}
 p - 5 scrolls of remove curse {unknown}
 w - a scroll of fog {unknown}
Potions
 h - 2 potions of haste
 u - 2 potions of curing {unknown}
Comestibles
 f - 2 bread rations
 j - a meat ration
 m - a beef jerky
 r - 2 slices of pizza
 v - a chunk of flesh


   Skills:
 + Level 3.3 Fighting
 + Level 6.4 Polearms
 + Level 0.8(1.3) Slings
 - Level 2.0(2.1) Throwing
 - Level 4.0 Dodging


You had 3 spell levels left.
You didn't know any spells.

Dungeon Overview and Level Annotations

Branches:
Dungeon (3/15)

Altars:
Cheibriados


Message History

The giant frog barely misses you.
You barely miss the giant frog.
The giant frog is moderately wounded.
The bat hits you but does no damage. The giant frog completely misses you.
The bat closely misses you.
You barely miss the giant frog.
The giant frog is moderately wounded.
The bat misses you. The bat hits you.
* * * LOW HITPOINT WARNING * * *
The giant frog hits you!
* * * LOW HITPOINT WARNING * * *
The giant frog closely misses you.
It was a potion of haste.
You feel yourself speed up. The bat hits you.
* * * LOW HITPOINT WARNING * * *
The giant frog closely misses you.
You are very lightly contaminated with residual magic.
It was a potion of berserk rage.
A red film seems to cover your vision as you go berserk!
You feel yourself moving faster!
You feel mighty! The giant frog hits you!
You die...

# .. .# #. .#####
####.########......
.....b.@Frb.......#
####..####s..####..
#..# #...# #..#
#...# ...###.†#
#[..# ........#
##.## ##.####.##
#.# #.......# #.#
###..##..# #.#


You could see a giant frog, a quokka, a giant cockroach and 2 bats.

Vanquished Creatures
  4 adders (D:2)
  An ooze (D:2)
  3 dart slugs
  2 giant geckos
  5 bats
  6 giant cockroaches
  6 hobgoblins
  6 kobolds
  A quokka (D:2)
  3 giant newts
  4 goblins
  6 rats
47 creatures vanquished.

Notes
Turn   | Place    | Note
-------+----------+-------------------------------------------
     0 | D:1      | Musica the Merfolk Gladiator began the quest for the Orb.
     0 | D:1      | Reached XP level 1. HP: 16/16 MP: 1/1
   187 | D:1      | Reached XP level 2. HP: 23/23 MP: 2/2
   300 | D:1      | Reached skill level 5 in Polearms
   717 | D:2      | Reached XP level 3. HP: 28/28 MP: 3/3
   769 | D:2      | Found a snail-covered altar of Cheibriados.
   824 | D:2      | Reached skill level 6 in Polearms
   856 | D:2      | Reached XP level 4. HP: 20/35 MP: 4/4
  1410 | D:3      | Noticed a giant frog
  1426 | D:3      | Slain by a giant frog

Vault maps used:
D:1:      dpeg_arrival_rooms_b
D:2:      kennysheep_slug_shrine
D:3:      minmay_gold_behind_fungi, minmay_distorted

Skill      XL: |  1  2  3 |
---------------+----------+-----
Polearms       | 5 6 |  6.4
Fighting       | 3 |  3.3
Slings         | |  0.8
Throwing       | |  2.0
Dodging        | |  4.0

Action                   |  1- 3 |  4- 6 || total
-------------------------+-------+-------++-------
Melee: Trident           |    64 |    49 ||   113
 Fire: Hunting sling     |    13 |     4 ||    17
  Use: Potion            |       |     2 ||     2
 Stab: Sleeping          |     2 |     1 ||     3
  Eat: Chunk             |       |     2 ||     2
Armor: Leather armour    |    10 |    10 ||    20
Dodge: Dodged            |    28 |    40 ||    68
